 Dungeon Crawl Stone Soup version 0.20.1-1-g8b1a95d (webtiles) character file.

1535 ReteAZ the Grappler (level 8, 76/76 HPs)
             Began as a Troll Monk on Aug 6, 2017.
             Quit the game in the Ecumenical Temple.
             The game lasted 00:14:47 (4661 turns).

ReteAZ the Grappler (Troll Monk)                    Turns: 4661, Time: 00:14:48

Health: 76/76      AC:  5    Str: 20    XL:     8   Next: 55%
Magic:  7/7        EV: 11    Int: 11    God:
Gold:   342        SH:  0    Dex: 12    Spells: 7/7 levels left

rFire    . . .     SeeInvis +     - Unarmed
rCold    + + .     Gourm    +   (no shield)
rNeg     . . .     Faith    .   a - +0 robe
rPois    .         Spirit   .   (helmet restricted)
rElec    .         Reflect  .   (no cloak)
rCorr    .         Harm     .   (gloves unavailable)
MR       .....                  (boots unavailable)
Stlth    +.........             o - amulet of Quplaga {RegenMP rC++ Str+2 Stlth-}
Regen    0.7/turn               p - ring of see invisible
MPRegen  0.2/turn               e - +3 ring of intelligence

@: no status effects
A: unfitting armour, claws 3, fast metabolism 3, gourmand, regeneration 1,
shaggy fur 1, tough skin 2, weak 1, wild magic 1
a: no special abilities


You were in the Ecumenical Temple.
You were completely stuffed.

You visited 2 branches of the dungeon, and saw 7 of its levels.

You collected 342 gold pieces.

Inventory:

Missiles
 i - 33 stones
 j - 4 tomahawks
 y - a throwing net (quivered)
Armour
 a - a +0 robe (worn)
Jewellery
 e - a +3 ring of intelligence (right claw)
 o - the amulet of Quplaga (around neck) {RegenMP rC++ Str+2 Stlth-}
   (You found it on level 5 of the Dungeon)

   [amulet of magic regeneration]

   It increases your magic regeneration.
   It affects your strength (+2).
   It greatly protects you from cold.
   It makes you less stealthy.
 p - a ring of see invisible (left claw)
Scrolls
 f - a scroll of fear
 h - 3 scrolls of teleportation
 n - 3 scrolls of remove curse
 v - 2 scrolls of recharging
Potions
 c - a potion of brilliance
 l - 2 potions of ambrosia
 m - 2 potions of berserk rage
 q - 4 potions of curing
 s - a potion of might
 t - 2 potions of invisibility
 z - a potion of agility {unknown}
Comestibles
 b - 6 bread rations
 d - a meat ration
 g - 2 fruits
 k - 6 chunks of flesh


   Skills:
 + Level 3.6 Fighting
 + Level 3.4 Dodging
 - Level 1.0 Stealth
 + Level 10.2 Unarmed Combat


You had 7 spell levels left.
You didn't know any spells.

Dungeon Overview and Level Annotations

Branches:
Dungeon (6/15)             Temple (1/1) D:6

Altars:
Ashenzari
Cheibriados
Dithmenos
Elyvilon
Fedhas
Gozag
Hepliaklqana
Kikubaaqudgha
Makhleb
Nemelex Xobeh
Okawaru
Qazlal
Ru
Sif Muna
Trog
Uskayaw
Vehumet
Xom
Yredelemnul
Zin
The Shining One


Innate Abilities, Weirdness & Mutations

You are too large for most types of armour.
You have claws for hands.
Your metabolism is lightning-fast.
You like to eat raw meat.
Your natural rate of healing is unusually fast.
You are covered in fur. (AC +1)
You have very tough skin. (AC +2)
You are weak. (Str -2)
Your spells are a little harder to cast, but a little more powerful.


Message History

Found a deep blue altar of Sif Muna.
There is a deep blue altar of Sif Muna here.
There is a radiant altar of Vehumet here.
Found a sparkling altar of Nemelex Xobeh.
Found a hide-covered altar of Uskayaw.
Found a glowing golden altar of the Shining One.
There is a shimmering altar of Xom here.
There is a glowing golden altar of the Shining One here.
Done exploring.
There is a hide-covered altar of Uskayaw here.
You see here an animal skin.
There is a staircase back to the Dungeon here.
Describe a (M)onster, (S)pell, s(K)ill, (A)bility, (C)ard, (I)tem, (F)eature, (G)od, (B)ranch, c(L)oud or s(T)atus?
Describe a (M)onster, (S)pell, s(K)ill, (A)bility, (C)ard, (I)tem, (F)eature, (G)od, (B)ranch, c(L)oud or s(T)atus?
Okay, then.
You feel extremely strange.
You feel weaker.
You feel less in control of your magic.
Sorry, you're not good enough to have a special ability.
Okay, then.
Are you sure you want to abandon this character and quit the game? (Confirm with "yes".)

###.## ##.### ##....## ##....##
##......### ###......##
##....._...## ##..._.....##
#.._........### ###........_..#
##....._..._...###..._..._.....##
#...._..........#.........._....#
#........_...._[.._...._........#
########........@........########
########...######## ##._.##
##.....## ##.._._..##
##.........## ##....._.....##
##..._....._...##
#...............#


There were no monsters in sight!

Vanquished Creatures
  The ghost of ANON1729 the Chiller, a novice OpIE of Sif Muna (D:5)
  2 slaves
  A centaur (D:5)
  2 big kobolds (D:5)
  2 bullfrogs (D:6)
  A scorpion (D:5)
  A crimson imp (D:6)
  2 hounds (D:4)
  2 orc priests
  3 orc wizards
  A bullfrog skeleton (D:5)
  Jessica (D:2)
  2 iguanas (D:5)
  Terence (D:2)
  2 worker ants
  14 gnolls
  5 adders
  3 oozes
  2 adder skeletons
  A worm (D:3)
  4 dart slugs
  2 leopard geckos
  15 orcs
  3 giant cockroaches
  29 goblins
  28 hobgoblins
  16 jackals
  A quokka (D:4)
  10 bats
  4 frilled lizards
  9 kobolds
  10 rats
180 creatures vanquished.

Vanquished Creatures (others)
  An orc (D:3)
1 creature vanquished.

Grand Total: 181 creatures vanquished

Notes
Turn   | Place    | Note
-------+----------+-------------------------------------------
     0 | D:1      | ReteAZ the Troll Monk began the quest for the Orb.
     0 | D:1      | Reached XP level 1. HP: 22/22 MP: 0/0
   165 | D:1      | Reached XP level 2. HP: 29/29 MP: 1/1
   181 | D:1      | HP: 1/29 [goblin/club (1)]
   229 | D:1      | Reached skill level 4 in Unarmed Combat
   509 | D:1      | Reached XP level 3. HP: 36/36 MP: 2/2
   763 | D:2      | Noticed Terence
   780 | D:2      | Killed Terence
   784 | D:2      | Reached XP level 4. HP: 34/44 MP: 3/3
   868 | D:2      | Reached skill level 5 in Unarmed Combat
  1010 | D:2      | Noticed Jessica
  1019 | D:2      | Killed Jessica
  1321 | D:3      | Reached XP level 5. HP: 49/50 MP: 4/4
  1329 | D:3      | Reached skill level 6 in Unarmed Combat
  1582 | D:3      | Reached XP level 6. HP: 30/59 MP: 5/5
  1862 | D:4      | Reached skill level 7 in Unarmed Combat
  2641 | D:5      | Entered Level 5 of the Dungeon
  2916 | D:5      | Reached skill level 8 in Unarmed Combat
  2916 | D:5      | Reached XP level 7. HP: 48/66 MP: 6/6
  2930 | D:5      | Got a transparent ruby amulet
  2957 | D:5      | Identified the amulet of Quplaga {RegenMP rC++ Str+2 Stlth-} (You found it on level 5 of the Dungeon)
  3502 | D:5      | Noticed ANON1729's ghost (novice OpIE)
  3507 | D:5      | Killed ANON1729's ghost
  3507 | D:5      | Reached skill level 9 in Unarmed Combat
  3507 | D:5      | Reached XP level 8. HP: 68/74 MP: 7/7
  3906 | D:5      | Reached skill level 10 in Unarmed Combat
  4558 | D:6      | Found a staircase to the Ecumenical Temple.
  4574 | Temple   | Entered the Ecumenical Temple
  4660 | Temple   | Gained mutation: You are weak. (Str -2) [potion of mutation]
  4660 | Temple   | Gained mutation: Your spells are a little harder to cast, but a little more powerful. [potion of mutation]
  4661 | Temple   | Quit the game

Skill      XL: |  1  2  3  4  5  6  7  8 |
---------------+-------------------------+-----
Unarmed Combat | 4 5 6 8 9 10 | 10.2
Fighting       | 3 |  3.6
Dodging        | 3 |  3.4
Stealth        | |  1.0

Action                   |  1- 3 |  4- 6 |  7- 9 || total
-------------------------+-------+-------+-------++-------
Melee: Unarmed           |    90 |   185 |   194 ||   469
       Punch             |     3 |     3 |     3 ||     9
Throw: Stone             |       |     4 |       ||     4
       Throwing net      |       |       |     2 ||     2
  Use: Potion            |       |     3 |     3 ||     6
       Scroll            |       |    12 |     4 ||    16
 Stab: Sleeping          |       |     2 |       ||     2
       Distracted        |       |     1 |       ||     1
  Eat: Chunk             |    12 |    16 |    20 ||    48
Armor: Robe              |    92 |    74 |    41 ||   207
Dodge: Dodged            |   144 |   102 |    90 ||   336
